 Seeded DCSS version 0.30-a0-1103-g25895a7845 (webtiles) character file.

Game seed: 3425090202442293766 (custom seed)

37504 retardedninja the Severer (level 13, 0/114 HPs)
             Began as a Naga Fighter on Apr 17, 2023.
             Was a High Priest of Hepliaklqana.
             Slain by a 12-headed hydra (9 damage)
             ... on level 5 of the Lair of Beasts on Apr 18, 2023.
             The game lasted 00:26:26 (19830 turns).

retardedninja the Severer (Naga Fighter)           Turns: 19830, Time: 00:26:29

Health: 0/114      AC: 25    Str: 24    XL:     13   Next: 97%
Magic:  0/13       EV:  3    Int:  9    God:    Hepliaklqana [*****.]
Gold:   3372       SH:  7    Dex: 16    Spells: 12/12 levels left

rFire   + . .      SeeInvis +    a - +1 war axe (venom)
rCold   . . .      Faith    .    c - +0 buckler
rNeg    + + .      Spirit   +    y - +1 plate armour
rPois   +          Reflect  .    D - +0 helmet
rElec   +          Rampage  .    (no cloak)
rCorr   +                        G - +2 pair of gloves
Will    ++...                    m - +0 barding of Ungosh {rF+ rN+ Will+} Stlth
                                 k - amulet of guardian spirit
HPRegen 0.39/turn                z - ring "Gafeyb" {rElec rPois rN+ rCorr}
MPRegen 0.13/turn                I - +6 ring of dexterity

@: very slow
A: reduced essence, AC +4, large, see invisible, deformed body, poison
resistance, slowness 2, spit poison 1, naga tail 2
a: Spit Poison, Renounce Religion, Recall Ancestor, Ancestor Identity,
Transference, Idealise


You were on level 5 of the Lair of Beasts.
You worshipped Hepliaklqana.
Hepliaklqana was extremely pleased with you.
You visited 3 branches of the dungeon, and saw 16 of its levels.
You also visited: Sewer.

You collected 3613 gold pieces.
You spent 241 gold pieces at shops.

Inventory:

Hand Weapons
 a - a +1 war axe of venom (weapon)
Missiles
 l - a throwing net
Armour
 c - a +0 buckler (worn)
 m - the +0 barding of Ungosh (worn) {rF+ rN+ Will+}
   (You acquired it on level 1 of the Dungeon)

   rF:        It protects you from fire.
   rN:        It protects you from negative energy.
   Will:      It increases your willpower.
 y - a +1 plate armour (worn)
 D - a +0 helmet (worn)
 G - a +2 pair of gloves (worn)
Jewellery
 k - an amulet of guardian spirit (around neck)
 z - the ring "Gafeyb" (left hand) {rElec rPois rN+ rCorr}
   (You found it on level 4 of the Dungeon)

   [ring of poison resistance]

   rElec:     It insulates you from electricity.
   rPois:     It protects you from poison.
   rN:        It protects you from negative energy.
   rCorr:     It protects you from acid and corrosion.
 I - a +6 ring of dexterity (right hand)
 O - a ring of willpower
Wands
 q - a wand of flame (6)
 E - a wand of charming (16)
 K - a wand of mindburst (13)
Scrolls
 f - 2 scrolls of blinking
 h - a scroll of fear
 i - a scroll of enchant armour
 n - 10 scrolls of teleportation
 s - 3 scrolls of amnesia
 B - 2 scrolls of vulnerability
 F - 3 scrolls of magic mapping
 J - 2 scrolls of fog
 L - a scroll of torment
Potions
 b - 10 potions of curing
 d - 2 potions of heal wounds
 j - 3 potions of resistance
 o - 4 potions of brilliance
 u - 3 potions of mutation
 v - a potion of attraction
 w - 5 potions of flight
 C - a potion of lignification
 H - 3 potions of cancellation
Miscellaneous
 e - a phantom mirror (inert)
 A - a condenser vane (inert)


   Skills:
 + Level 11.2 Fighting
 * Level 15.0 Axes
 + Level 9.4 Armour
 + Level 10.3 Shields


You had 12 spell levels left.
You didn't know any spells.
Your spell library contained the following spells:

 Spells                   Type           Power      Damage    Failure   Level
 Apportation              Tloc           0%         N/A       99%         1
 Blink                    Tloc           0%         N/A       100%        2
 Cigotuvi's Dreadful Rot  Necr/Pois/Air  0%         N/A       100%        2
 Ensorcelled Hibernation  Hex/Ice        0%         N/A       100%        2
 Passwall                 Tmut/Erth      0%         N/A       100%        2
 Sublimation of Blood     Necr           0%         N/A       100%        2
 Wereblood                Tmut           0%         N/A       100%        2
 Dazzling Flash           Conj/Hex       0%         N/A       100%        3
 Hailstorm                Conj/Ice       0%         3d3       100%        3
 Ignite Poison            Fire/Tmut/Pois 0%         N/A       100%        3
 Stone Arrow              Conj/Erth      0%         3d7       100%        3
 Swiftness                Air            0%         N/A       100%        3
 Animate Armour           Summ/Erth      0%         N/A       100%        4
 Ice Form                 Ice/Tmut       0%         N/A       100%        4
 Manifold Assault         Tloc           0%         N/A       100%        4
 Petrify                  Tmut/Erth      0%         N/A       100%        4
 Agony                    Necr           0%         N/A       100%        5
 Alistair's Intoxication  Tmut/Pois      0%         N/A       100%        5
 Freezing Cloud           Conj/Ice/Air   0%         6-21      100%        5
 Irradiate                Conj/Tmut      0%         3d11      100%        5
 Silence                  Hex/Air        0%         N/A       100%        5
 Simulacrum               Ice/Necr       0%         N/A       100%        6
 Storm Form               Tmut/Air       0%         N/A       100%        7
 Summon Hydra             Summ           0%         N/A       100%        7
 Lehudib's Crystal Spear  Conj/Erth      0%         10d2      100%        8


Dungeon Overview and Level Annotations

Branches:
Dungeon (10/15)            Temple (1/1) D:5            Lair (5/5) D:10
 Shoals (0/4) Lair:3        Snake (0/4) Lair:3        Slime (0/5) Lair:5
    Orc (0/2) D:10          Sewer (visited)

Altars:
Ashenzari
Cheibriados
Elyvilon
Fedhas
Gozag
Hepliaklqana
Kikubaaqudgha
Makhleb
Nemelex Xobeh
Okawaru
Qazlal
Ru
Sif Muna
Trog
Uskayaw
Vehumet
Wu Jian
Xom
Yredelemnul
Zin
The Shining One
Jiyva

Shops:
D:2 *?   D:7 =

Annotations:
Temple 2 transporters
Lair:3 2 transporters, Rudyous's ghost, journeyman DEFE


Innate Abilities, Weirdness & Mutations

Your life essence is reduced to manifest your ancestor. (-10% HP)
Your serpentine skin is tough. (AC +4)
You have supernaturally acute eyesight. (SInv)
Armour fits poorly on your strangely shaped body.
Your system is resistant to poisons. (rPois)
You cover ground very slowly.
You can spit poison.
You can use your snake-like lower body to constrict enemies.


Message History

Aim: a ten-headed hydra (almost dead, extremely poisoned, 90% to hit)
The bolt of light hits the ten-headed hydra!
The ten-headed hydra is almost dead.
The ten-headed hydra is blinded.
The now-empty wand crumbles to dust.
The ten-headed hydra bites you but does no damage. x4
You block the ten-headed hydra's attack.
The ten-headed hydra bites you.
* * * LOW HITPOINT WARNING * * *
The ten-headed hydra bites you but does no damage. x3
The ten-headed hydra bites you.
* * * LOW HITPOINT WARNING * * *
Unknown command.
You lop one of the ten-headed hydra's heads off!
The nine-headed hydra grows two more!
You hit the 11-headed hydra.
The 11-headed hydra is almost dead.
You hit the bush but do no damage.
You lop one of the 11-headed hydra's heads off!
The ten-headed hydra grows two more!
You slash the 12-headed hydra!
The 12-headed hydra looks as sick as possible!
The 12-headed hydra is almost dead.
You hit the bush. The 12-headed hydra bites you.
* * * LOW HITPOINT WARNING * * *
The 12-headed hydra bites you but does no damage. x2
The 12-headed hydra barely misses you.
The 12-headed hydra bites you but does no damage. x2
The 12-headed hydra bites you.
* * * LOW HITPOINT WARNING * * *
The 12-headed hydra bites you but does no damage. x2
The 12-headed hydra bites you.
* * * LOW HITPOINT WARNING * * *
The 12-headed hydra bites you but does no damage.
The 12-headed hydra bites you!
* * * LOW HITPOINT WARNING * * *
You barely miss the 12-headed hydra.
The 12-headed hydra is almost dead.
You hit the bush but do no damage.
The bush is poisoned.
The 12-headed hydra barely misses you.
The 12-headed hydra bites you but does no damage.
The 12-headed hydra bites you!
You die...

...# #####P.....#.††..#
..(.####P..#.............
.......P....P............
.........................
..... ..................
...##.# #.#..P#..#.#≈.
#.P.###...P..#.....#
#...P#..#.P##......≈
#†D@..###..##....P#≈
......#†....##...##.....#
....+.......##....#....##
.....#..######...##....#.
....##### #..†####.# ##
.... #####...# #.####. ..
........###.#....
.................
##..##...##.##...


You could see a 12-headed hydra (blind, extremely poisoned).

Vanquished Creatures
  A hydra (Lair:4)
  Erica (D:10)
  2 boulder beetles (Lair:4)
  3 death yaks (Lair:4)
  A skyshark (Lair:5)
  Sonja (Lair:5)
  6 elephants
  7 cane toads
  A kobold demonologist (D:10)
  3 komodo dragons
  A rime drake (Lair:4)
  2 trolls
  3 blink frogs (Lair:3)
  10 yaks
  Sigmund (D:3)
  A steam dragon (D:8)
  2 basilisks
  2 nagas (Lair:3)
  7 water moccasins
  A black bear (D:10)
  4 orc warriors
  A sky beast (D:7)
  The ghost of BlasphemerAmon the Trooper, an amateur BaCK of Xom (D:3)
  A centaur (D:5)
  4 ogres
  26 wolves
  3 phantoms (D:5)
  5 kobold brigands
  11 bullfrogs
  A gnoll sergeant (D:10)
  3 scorpions
  2 killer bees (D:7)
  3 electric eels (Lair:1)
  A howler monkey (D:5)
  A lava snake (Lair:1)
  A hound (D:7)
  A jelly (D:6)
  3 orc priests
  A gnoll bouda (D:5)
  Natasha (thrice) (D:3)
  6 orc wizards
  12 gnolls
  4 river rats
  13 adders
  A shadow imp (D:3)
  4 worms
  3 dart slugs
  26 orcs
  10 ball pythons
  6 bats
  7 endoplasms
  4 giant cockroaches
  6 goblins
  15 hobgoblins
  6 jackals
  18 kobolds
  6 quokkas
  10 frilled lizards
  13 rats
302 creatures vanquished.

Vanquished Creatures (collateral kills)
  Fannar (Lair:3)
  4 hydras (Lair:4)
  A death yak (Lair:4)
  Nergalle (D:10)
  A skyshark (Lair:2)
  A black mamba (Lair:1)
  2 elephants
  4 cane toads
  2 rime drakes (Lair:5)
  4 komodo dragons
  2 polar bears
  8 blink frogs
  A shadow (D:10)
  A wyvern (Lair:5)
  13 yaks
  A vampire (D:9)
  3 steam dragons
  4 nagas (Lair:3)
  19 water moccasins
  A sky beast (D:8)
  9 wolves
  2 kobold brigands
  3 bullfrogs
  A scorpion (D:10)
  8 wights
  A killer bee (D:7)
  An electric eel (Lair:1)
  2 lava snakes (Lair:1)
  An orc priest (D:9)
  A gnoll bouda (D:9)
  An orc wizard (D:8)
  A sleepcap (D:7)
  4 gnolls
  An adder (D:6)
  9 orcs
  7 kobolds
126 creatures vanquished.

Vanquished Creatures (others)
  Ijyb (D:3)
  6 battlemagi
  An orc wizard (D:3)
  An orc (D:3)
  24 fungi
  30 plants
63 creatures vanquished.

Grand Total: 491 creatures vanquished

Notes
Turn   | Place    | Note
-------+----------+-------------------------------------------
     0 | D:1      | retardedninja the Naga Fighter began the quest for the Orb.
     0 | D:1      | Reached XP level 1. HP: 21/21 MP: 1/1
   147 | D:1      | Reached XP level 2. HP: 28/28 MP: 2/2
   567 | D:1      | Found a faded altar of an unknown god.
   641 | D:1      | Reached XP level 3. HP: 34/34 MP: 3/3
   641 | D:1      | Identified 2 scrolls of acquirement
   641 | D:1      | Acquired the +0 barding of Ungosh {rF+ rN+ Will+}
   648 | D:1      | Acquired 989 gold pieces
   686 | D:2      | Found Acryupse's Magic Scroll Emporium.
   697 | D:2      | Bought a scroll of brand weapon for 133 gold pieces
   700 | D:2      | Found Ifri's Assorted Antiques.
   720 | D:2      | Bought a pair of gloves for 108 gold pieces
  1097 | D:2      | Reached XP level 4. HP: 42/42 MP: 4/4
  1584 | D:3      | Noticed Sigmund
  1592 | D:3      | Killed Sigmund
  1593 | D:3      | Reached skill level 3 in Axes
  1593 | D:3      | Reached XP level 5. HP: 50/50 MP: 3/5
  1667 | D:3      | Reached XP level 6. HP: 55/57 MP: 4/6
  1672 | D:3      | Reached skill level 4 in Axes
  1798 | D:3      | Noticed Natasha
  1805 | D:3      | Killed Natasha
  1866 | D:3      | Noticed Natasha
  1881 | D:3      | Killed Natasha
  1985 | D:3      | Found a runed translucent door.
  2049 | D:3      | Noticed BlasphemerAmon's ghost (amateur BaCK)
  2061 | D:3      | Killed BlasphemerAmon's ghost
  2146 | D:3      | Noticed Ijyb
  2151 | D:3      | Killed Ijyb
  2162 | D:3      | Reached XP level 7. HP: 22/66 MP: 3/7
  2440 | D:3      | Noticed Natasha
  2448 | D:3      | Killed Natasha
  2513 | D:4      | Identified the +1 pair of gloves of Pessimism {Drain rElec
                  | rN+ Int+4}
  2515 | D:4      | Identified the ring "Gafeyb" {rElec rPois rN+ rCorr}
  2569 | D:4      | Reached skill level 5 in Axes
  3167 | D:4      | Found a glowing golden altar of the Shining One.
  3261 | D:4      | Found a basalt altar of Yredelemnul.
  3262 | D:4      | Found an ornate altar of the Wu Jian Council.
  3263 | D:4      | Found a white marble altar of Elyvilon.
  3925 | D:5      | Entered Level 5 of the Dungeon
  4281 | D:5      | Reached skill level 5 in Fighting
  4281 | D:5      | Reached XP level 8. HP: 57/74 MP: 6/8
  4347 | D:5      | Reached skill level 6 in Axes
  4399 | D:5      | Found an iron altar of Okawaru.
  4593 | D:5      | Found a staircase to the Ecumenical Temple.
  5021 | D:5      | Reached skill level 5 in Shields
  5171 | Temple   | Entered the Ecumenical Temple
  5171 | Temple   | Found a transporter.
  5171 | Temple   | Found a transporter.
  5173 | Temple   | Found a transporter.
  5173 | Temple   | Found a transporter.
  5187 | Temple   | Became a worshipper of Hepliaklqana the Forgotten
  5311 | D:6      | Found a glowing silver altar of Zin.
  5559 | D:6      | Found a glowing drain.
  5569 | Sewer    | Entered a sewer
  5682 | Sewer    | Reached skill level 7 in Axes
  5917 | D:6      | Reached * piety under Hepliaklqana
  6115 | D:6      | Reached XP level 9. HP: 73/73 MP: 9/9
  6118 | D:6      | Found a bloodstained altar of Trog.
  6412 | D:6      | Upgraded the game from 0.30-a0-1094-g860fb061e7 to
                  | 0.30-a0-1103-g25895a7845
  6456 | D:7      | Reached skill level 5 in Armour
  6770 | D:7      | Found Jimos's Jewellery Emporium.
  6883 | D:7      | Reached skill level 8 in Axes
  6912 | D:7      | Reached ** piety under Hepliaklqana
  6955 | D:7      | Remembered your ancestor hawking as a battlemage
  7097 | D:7      | Identified the +1 pair of boots of Pleasant Breezes
                  | {+Blink}
  7813 | D:8      | Noticed a troll
  7823 | D:8      | Killed a troll
  7824 | D:8      | Reached XP level 10. HP: 79/82 MP: 8/10
  7826 | D:8      | Reached skill level 9 in Axes
  8330 | D:8      | Found a hide-covered altar of Uskayaw.
  8845 | D:9      | Reached *** piety under Hepliaklqana
  8931 | D:9      | Reached skill level 10 in Axes
  9175 | D:9      | Found a stormy altar of Qazlal.
  9373 | D:10     | Entered Level 10 of the Dungeon
  9417 | D:10     | Noticed Nergalle
  9424 | D:10     | Killed Nergalle
  9425 | D:10     | Reached XP level 11. HP: 77/92 MP: 11/11
  9705 | D:10     | Found a sparkling altar of Nemelex Xobeh.
  9705 | D:10     | Found an opulent altar of Gozag.
  9727 | D:10     | Found a staircase to the Lair.
  9871 | D:10     | Found a staircase to the Orcish Mines.
  9874 | D:10     | Noticed Erica
  9884 | D:10     | Reached skill level 11 in Axes
  9895 | D:10     | Killed Erica
 10282 | Lair:1   | Entered Level 1 of the Lair of Beasts
 10824 | Lair:1   | Acquired 855 gold pieces
 11037 | Lair:1   | You fall into a shaft and drop 1 floor!
 11545 | Lair:1   | Reached skill level 12 in Axes
 11984 | Lair:1   | Reached XP level 12. HP: 54/102 MP: 6/12
 12146 | Lair:1   | Reached **** piety under Hepliaklqana
 12528 | Lair:2   | Noticed a skyshark
 12533 | Lair:2   | Killed a skyshark
 13171 | Lair:2   | Acquired 790 gold pieces
 13199 | Lair:3   | Found a staircase to the Snake Pit.
 13862 | Lair:3   | Reached skill level 13 in Axes
 14155 | Lair:3   | Noticed Rudyous's ghost (journeyman DEFE)
 14157 | Lair:3   | Found a transporter.
 14349 | Lair:3   | Found a transporter.
 14708 | Lair:3   | Reached skill level 10 in Fighting
 14736 | Lair:3   | Noticed Fannar
 14752 | Lair:3   | Killed Fannar
 15224 | Lair:3   | Found a staircase to the Shoals.
 15383 | Lair:4   | Noticed a boulder beetle
 15393 | Lair:4   | Killed a boulder beetle
 15547 | Lair:4   | Gained mutation: You can use your snake-like lower body to
                  | constrict enemies. [Naga growth]
 15547 | Lair:4   | Reached XP level 13. HP: 102/110 MP: 11/13
 15678 | Lair:4   | Reached ***** piety under Hepliaklqana
 15882 | Lair:4   | Found the +8 whip "Snakebite" {venom, curare, rPois}
 15978 | Lair:4   | Reached skill level 14 in Axes
 16953 | Lair:5   | Entered Level 5 of the Lair of Beasts
 17295 | Lair:4   | Reached skill level 10 in Shields
 17765 | Lair:5   | Found a staircase to the Slime Pits.
 17766 | Lair:5   | Found a viscous altar of Jiyva.
 18065 | Lair:5   | Noticed Sonja
 18456 | Lair:4   | HP: 7/171 [15-headed hydra (3)]
 19676 | Lair:5   | Killed Sonja
 19677 | Lair:5   | Reached skill level 15 in Axes
 19830 | Lair:5   | Slain by a 12-headed hydra

Illustrated notes

Levels and vault maps discovered:
D:1:      minmay_arrival_loop, layout_basic, ebering_ecumenical_altar_webs,
          moated_statue, minmay_tetromino_s2
D:2:      minmay_angry_zag, layout_basic, serial_shops, shop_statue,
          nicolae_shop_overgrown_old_shop
D:3:      corexii_shack_village, layout_rooms, ebering_ghost_reflecting_pool,
          kennysheep_generic_room_13, uniq_ijyb, uniq_sigmund, uniq_natasha
D:4:      layout_layer_cave, nicolae_overflow_hidden_temple, tso_metal_star,
          chequers_serial_rivers_large_a
D:5:      layout_rooms, nicolae_overflow_crystal_walls,
          minmay_temple_entry_arrows
D:6:      layout_gridville, kennysheep_mini_moat, mainiacjoe_overflow_brackets,
          gup_sewer_entry_bubbles
D:7:      hellmonk_destroyed_diamonds, layout_basic, serial_shops, shop
D:8:      layout_loops_ring, mainiacjoe_overflow_alcove_1,
          minmay_fractal_squares_5
D:9:      layout_gridville, mainiacjoe_overflow_boulevard
D:10:     layout_cross, grunt_temple_overflow_opulence,
          grunt_lair_entry_orc_guard_hut, minivault_19, serial_bayou_crossing,
          uniq_nergalle, uniq_erica
Temple:   hellmonk_temple_divided_pantheon
Lair:1:   layout_cave_pods, nicolae_quartered_pool_little,
          nicolae_lair_liquid_snakes, grunt_megastairs_3,
          infiniplex_staircase_pool
Lair:2:   layout_cave_shapes
Lair:3:   layout_regular_city, elwin_shoals_entry_rooms,
          minmay_snake_entry_guardpost_large, gammafunk_ghost_arena, uniq_fannar
Lair:4:   minmay_guarded_unrand_snakebite, layout_loops_ring,
          cheibrodos_lair_caveside_slide, grunt_forest_large_clearings
Lair:5:   evilmike_catoblepas_cave, layout_regular_city, slime_entry_1,
          portal_ice_cave_rime, grunt_megastairs_2, uniq_urug, uniq_sonja

Skill      XL: |  1  2  3  4  5  6  7  8  9 10 11 12 13 |
---------------+----------------------------------------+-----
Shields        | 3 4 5 6 7 8 9 10 | 10.3
Axes           | 3 4 5 7 8 10 12 13 15 | 15.0
Armour         | 3 4 5 6 7 8 9 |  9.4
Fighting       | 4 5 6 8 9 10 11 | 11.2

Action                     |  1- 3 |  4- 6 |  7- 9 | 10-12 | 13-15 || total
---------------------------+-------+-------+-------+-------+-------++-------
  Melee: War axe           |   106 |    95 |   346 |   370 |   195 ||  1112
         Constrict         |       |       |       |       |    46 ||    46
 Invoke: Ancestor Life: Ba |       |       |     1 |       |       ||     1
         Recall Ancestor   |       |       |       |     1 |     1 ||     2
         Ancestor Identity |       |       |       |       |     1 ||     1
Ability: Spit Poison       |       |       |       |       |     1 ||     1
  Evoke: Wand              |       |       |     2 |     1 |    11 ||    14
         Condenser vane    |       |       |       |     1 |     1 ||     2
         Phantom mirror    |       |       |       |       |     1 ||     1
    Use: Scroll            |     3 |       |    12 |    10 |     6 ||    31
         Potion            |       |     1 |     6 |     3 |     9 ||    19
   Stab: Invisible         |       |     2 |     2 |     9 |       ||    13
         Distracted        |       |       |     1 |     8 |     4 ||    13
 Armour: Scale mail        |    69 |     4 |       |       |       ||    73
         Chain mail        |       |    78 |   282 |   219 |   126 ||   705
         Plate armour      |       |       |       |       |   194 ||   194
         Skin              |       |       |       |       |    73 ||    73
  Dodge: Dodged            |    37 |    22 |    82 |    58 |    61 ||   260
  Block: Buckler           |    20 |    24 |    69 |   104 |   127 ||   344

Table legend: (Time is in decaauts)
 A = Elapsed time spent in this place.
 B = Non-inter-level travel time spent in this place.
 C = Inter-level travel time spent in this place.
 D = Time resting spent in this place.
 E = Time spent auto-exploring this place.
 F = Levels seen in this place.
 G = Mean time per level.
                   A        B        C        D        E       F      G
               +--------+--------+--------+--------+--------+-----+--------+
         Total |  23828 |  22516 |   1312 |   5475 |  14061 |  17 | 1401.6 |
       Dungeon |  12611 |  11728 |    883 |   1226 |   8626 |  10 | 1261.1 |
        Temple |     46 |     46 |      0 |      0 |      7 |   1 |   46.0 |
          Lair |  10761 |  10333 |    428 |   4248 |   5138 |   5 | 2152.2 |
         Sewer |    409 |    409 |      0 |      0 |    288 |   1 |  409.0 |
               +--------+--------+--------+--------+--------+-----+--------+

Top non-repeatable levels by time:
  Lair:4: 3887 daAuts
     D:4: 2364 daAuts
  Lair:3: 2304 daAuts
  Lair:1: 2292 daAuts
  Lair:2: 1638 daAuts
     D:8: 1284 daAuts
     D:7: 1257 daAuts
     D:2: 1234 daAuts
     D:5: 1171 daAuts
     D:3: 1133 daAuts
     D:6: 1114 daAuts
     D:9: 1111 daAuts
    D:10: 1057 daAuts
     D:1: 881 daAuts
  Lair:5: 638 daAuts
